 Seeded DCSS version 0.29-a0-322-g68df515428 (webtiles) character file.

Game seed: 18053038635003292644 (custom seed)

4 ImHallYall the Shield-Bearer (level 1, 0/18 HPs)
             Began as a Demigod Fighter on Apr 8, 2022.
             Slain by a ball python (2 damage)
             ... on level 1 of the Dungeon.
             The game lasted 00:00:12 (25 turns).

ImHallYall the Shield-Bearer (Demigod Fighter)        Turns: 25, Time: 00:00:13

Health: 0/18       AC:  6    Str: 17    XL:     1   Next: 40%
Magic:  3/3        EV:  5    Int: 10    God:
Gold:   0          SH:  4    Dex: 13    Spells: 0/0 levels left

rFire   . . .      SeeInvis .   a - +0 long sword
rCold   . . .      Faith    .   c - +0 buckler
rNeg    . . .      Spirit   .   b - +0 scale mail
rPois   .          Reflect  .   (no helmet)
rElec   .          Harm     .   (no cloak)
rCorr   .          Rampage  .   (no gloves)
Will    .....                   (no boots)
Stlth   ..........              (no amulet)
HPRegen 0.06/turn               (no ring)
MPRegen 0.08/turn               (no ring)

@: constricted
A: high MP 1, forlorn, divine attributes
a: no special abilities


You were on level 1 of the Dungeon.
You visited 1 branch of the dungeon, and saw 1 of its levels.

Inventory:

Hand Weapons
 a - a +0 long sword (weapon)
Armour
 b - a +0 scale mail (worn)
 c - a +0 buckler (worn)
Potions
 d - a potion of might


   Skills:
 + Level 2.7 Fighting
 + Level 1.8 Long Blades
 + Level 2.7 Armour
 + Level 2.7 Shields


You couldn't memorise any spells.
You didn't know any spells.
Your spell library was empty.

Dungeon Overview and Level Annotations

Branches:
Dungeon (1/15)


Innate Abilities, Weirdness & Mutations

You have an increased reservoir of magic. (+10% MP)
You shall have no god before yourself.
Your divine heritage dramatically boosts your attributes as you level up.


Message History

The quokka barely misses you. The dart slug bites you.
The ball python closely misses you. The ball python constricts you.
You hit the quokka.
You kill the quokka!
The ball python bites you but does no damage.
The ball python constricts you. The dart slug bites you.
You escape the ball python's grasp.
You block the ball python's attack. The ball python grabs you.
The ball python constricts you. The dart slug barely misses you.
You slash the dart slug!
The dart slug is severely wounded.
The ball python bites you but does no damage.
The ball python constricts you. The dart slug launches a dart at you.
The slug dart hits you.
The ball python bites you but does no damage.
The ball python constricts you.
You barely miss the dart slug.
The dart slug is severely wounded.
The ball python bites you but does no damage.
The ball python constricts you. The dart slug bites you.
* * * LOW HITPOINT WARNING * * *
You hit the dart slug but do no damage.
The dart slug is severely wounded.
The ball python bites you but does no damage.
The ball python constricts you. The ball python bites you.
* * * LOW HITPOINT WARNING * * *
The ball python constricts you. The dart slug launches a dart at you.
The slug dart hits you but does no damage.
You slash the dart slug!
You kill the dart slug!
The ball python bites you.
* * * LOW HITPOINT WARNING * * *
The ball python constricts you.
You escape the ball python's grasp.
The ball python barely misses you. The ball python grabs you.
The ball python constricts you.
You see here a dart slug corpse.
You closely miss the ball python. The ball python bites you.
You die...

8.#.8 ##.#.# #8.#.8
##.#.## ##8.).8######
###. 8#8#...#8#8#8#
####..)..
.............###........
##...<...###.'...##.....
.............#.S@..#
8#8#...#8#8#8#......#
##8...8#######.....#
##.#.## ##...## #8.#.8
#..#.. ##.#.# #.#....
8.#.8 #.#.... #.......


You could see a ball python.

Vanquished Creatures
  A dart slug (D:1)
  A quokka (D:1)
2 creatures vanquished.

Notes
Turn   | Place    | Note
-------+----------+-------------------------------------------
     0 | D:1      | ImHallYall the Demigod Fighter began the quest for the Orb.
     0 | D:1      | Reached XP level 1. HP: 18/18 MP: 3/3
    25 | D:1      | Slain by a ball python

Illustrated notes

Levels and vault maps discovered:
D:1:      heliophobic_arrival_ceremonial_halls, layout_loops_ring,
          minmay_strange_pillars, minmay_misc_feat_chi

Action                   || total
-------------------------++-------
Melee: Long sword        ||    13
Armor: Scale mail        ||    16
Dodge: Dodged            ||    12
Block: Buckler           ||     6

Table legend: (Time is in decaauts)
 A = Elapsed time spent in this place.
 B = Non-inter-level travel time spent in this place.
 C = Inter-level travel time spent in this place.
 D = Time resting spent in this place.
 E = Time spent auto-exploring this place.
 F = Levels seen in this place.
 G = Mean time per level.
                   A        B        C        D        E       F      G
               +--------+--------+--------+--------+--------+-----+--------+
         Total |     29 |     29 |      0 |      0 |      6 |   1 |   29.0 |
       Dungeon |     29 |     29 |      0 |      0 |      6 |   1 |   29.0 |
               +--------+--------+--------+--------+--------+-----+--------+

Top non-repeatable levels by time:
     D:1: 29 daAuts
